 Dungeon Crawl Stone Soup version 0.28-a0-1629-gf728b707aa (webtiles) character file.

Game seed: 17822431576514064725

7876 fragbeetle the Spear-Bearer (level 11, -8/83 HPs)
             Began as a Merfolk Ice Elementalist on Jan 25, 2022.
             Was an Elder of Sif Muna.
             Mangled by a sun demon (22 damage)
             ... in a volcano.
             The game lasted 00:26:08 (11773 turns).

fragbeetle the Spear-Bearer (MfIE)                 Turns: 11773, Time: 00:26:08

Health: -8/83      AC:  6    Str:  8    XL:     11   Next: 22%
Magic:  11/21      EV: 16    Int: 19    God:    Sif Muna [****..]
Gold:   295        SH:  0    Dex: 15    Spells: 16/23 levels left

rFire   + . .      SeeInvis +   M - +7 mace of Variability {chain chaos}
rCold   + . .      Faith    .   (shield currently unavailable)
rNeg    . . .      Spirit   .   a - +0 robe
rPois   .          Reflect  .   L - +0 helmet
rElec   .          Harm     .   z - scarf {rC+ rF+}
rCorr   .          Rampage  .   g - +0 pair of gloves
Will    .....                   f - +1 pair of boots
Stlth   +++.......              C - amulet of the acrobat
HPRegen 0.23/turn               r - ring of see invisible
MPRegen 0.17/turn               (no ring)

@: freezing walls
A: (nimble swimmer 2), mertail
a: Renounce Religion, Channel Magic, Forget Spell, Divine Exegesis


You were in a volcano.
You worshipped Sif Muna.
Sif Muna was greatly pleased with you.
You visited 3 branches of the dungeon, and saw 10 of its levels.
You also visited: Sewer and Volcano.

You collected 445 gold pieces.
You spent 150 gold pieces at shops.

Inventory:

Hand Weapons
 q - a +0 trident
 M - the +7 mace of Variability (weapon) {chain chaos}
   (You found it on level 8 of the Dungeon)

   Each time it hits an enemy it has a different, random effect.
   It occasionally unleashes arcs of chaos on nearby creatures upon striking a
   foe.
Missiles
 p - 2 throwing nets
 y - 17 poisoned darts
 A - 3 boomerangs (quivered)
 D - 5 atropa-tipped darts
 O - a boomerang of dispersal
Armour
 a - a +0 robe (worn)
 f - a +1 pair of boots (worn)
 g - a +0 pair of gloves (worn)
 z - a scarf of resistance (worn)
 L - a +0 helmet (worn)
Jewellery
 r - a ring of see invisible (left hand)
 C - an amulet of the acrobat (around neck)
 G - a +4 ring of evasion
 I - an amulet of reflection
Scrolls
 c - 3 scrolls of fear
 k - 4 scrolls of blinking
 l - 2 scrolls of immolation {unknown}
 o - a scroll of vulnerability {unknown}
 s - 3 scrolls of teleportation
 t - 2 scrolls of amnesia
 u - a scroll of fog {unknown}
 v - 2 scrolls of brand weapon {unknown}
 w - a scroll of enchant weapon {unknown}
 B - 8 scrolls of identify {unknown}
 J - a scroll of torment {unknown}
 K - a scroll of holy word {unknown}
Potions
 d - a potion of attraction
 h - 2 potions of mutation {unknown}
 i - 2 potions of degeneration {unknown}
 j - 4 potions of flight {unknown}
 n - 4 potions of curing {unknown}
 x - 3 potions of heal wounds
 F - a potion of cancellation {unknown}
 N - 2 potions of might {unknown}


   Skills:
 + Level 6.4 Fighting
 * Level 12.1 Polearms
 + Level 8.5 Dodging
 - Level 5.0 Stealth
 * Level 6.9 Spellcasting
 * Level 10.6 Ice Magic


You had 16 spell levels left.
You knew the following spells:

 Your Spells              Type           Power      Damage    Failure   Level
a - Freeze                Ice            100%       1d11      1%          1
b - Frozen Ramparts       Ice            92%        1d11      1%          3
c - Ozocubu's Armour      Ice            46%        N/A       1%          3

Your spell library contained the following spells:

 Spells                   Type           Power      Damage    Failure   Level
 Sandblast                Erth           12%        2d6       11%         1
 Hailstorm                Conj/Ice       26%        3d7       12%         4
 Passwall                 Tmut/Erth      5%         N/A       16%         2
 Gell's Gravitas          Tloc           6%         N/A       30%         3
 Lesser Beckoning         Tloc           6%         N/A       30%         3
 Stone Arrow              Conj/Erth      12%        3d7       30%         3
 Teleport Other           Tloc           6%         N/A       30%         3
 Animate Armour           Summ/Erth      12%        N/A       71%         4
 Lehudib's Crystal Spear  Conj/Erth      3%         10d2      100%        8


Dungeon Overview and Level Annotations

Branches:
Dungeon (8/15)             Temple (1/1) D:5            Lair (1/6) D:8
  Sewer (visited)         Volcano (1/1)

Altars:
Ashenzari
Cheibriados
Dithmenos
Elyvilon
Gozag
Hepliaklqana
Kikubaaqudgha
Makhleb
Nemelex Xobeh
Okawaru
Qazlal
Ru
Sif Muna
Trog
Uskayaw
Vehumet
Wu Jian
Xom
Yredelemnul
Zin
The Shining One

Shops:
D:4 =

Annotations:
D:8 3 runed translucent doors, porpoise's ghost, journeyman DjCj


Innate Abilities, Weirdness & Mutations

((You are very nimble when in or above water. (Stealth+, EV+, Speed+++)))
Your lower body shifts to a powerful aquatic tail in water.


Message History

The sun demon hits you!
You are engulfed in flames.
You resist.
Casting: Ozocubu's Armour (safe; 1% risk of failure)
Confirm with . or Enter, or press ? or * to list all spells.
Casting: Frozen Ramparts (safe; 1% risk of failure)
Press: ? - help, Dir - look around, f - activate The walls around you are covered in ice.
The sun demon is frozen!
The wall freezes the sun demon!
The sun demon hits you but does no damage.
Unknown command.
Casting: Frozen Ramparts (safe; 1% risk of failure)
Confirm with . or Enter, or press ? or * to list all spells.
A film of ice covers your body!
The sun demon is frozen!
The wall freezes the sun demon!
The sun demon barely misses you.
Unknown command.
You barely miss the sun demon.
The sun demon is moderately wounded.
The sun demon is frozen!
The wall freezes the sun demon.
The sun demon hits you.
You are engulfed in flames.
You resist.
The wall freezes the sun demon.
The sun demon hits you!
You are engulfed in flames!
You resist. The heat melts your icy armour.
You barely miss the sun demon.
The sun demon is heavily wounded.
Your icy armour starts to melt.
The sun demon is frozen!
The wall freezes the sun demon.
The sun demon hits you but does no damage.
The sun demon is frozen!
The wall freezes the sun demon.
The sun demon hits you but does no damage.
You miss the sun demon.
The sun demon is severely wounded.
The sun demon is frozen!
The wall freezes the sun demon!
The sun demon hits you!
* * * LOW HITPOINT WARNING * * *
You are engulfed in flames!
Your icy armour melts away.
You resist.
* * * LOW HITPOINT WARNING * * *
The sun demon is frozen!
The wall freezes the sun demon!
The sun demon hits you!!
You die...

....§§§≈≈§≈§≈≈≈≈≈≈≈§§§.#
....§§≈≈§§§≈≈§≈§§≈≈≈§≈.##
#......≈§≈≈≈≈§≈≈≈≈≈≈≈...#
####....≈§§§≈≈§≈≈≈≈≈≈...#
###...≈≈§≈§§≈§§§≈...##
##..§§§§§≈§§≈§...##
#.....≈≈≈§§§§...#
##...≈≈≈≈..3.o..#
#....§≈..@#...##
###.....###8.8# #....##
##.## ###..# #.# #### #'#
... ..∩o. ..###.. .4# #4.


You could see a sun demon and an orc sorcerer.

Vanquished Creatures
  A hydra (Lair:1)
  Pikel (D:5)
  A red devil (Volcano)
  A troll (D:7)
  Grinder (D:5)
  5 fire bats (Volcano)
  6 yaks (Lair:1)
  2 chaos spawn (D:8)
  2 steam dragons
  3 water moccasins
  A hornet zombie (D:8)
  A sky beast (D:8)
  A black bear (D:6)
  3 ice beasts
  3 orc warriors
  2 necrophages (D:7)
  4 ogres
  3 centaurs
  2 phantoms (D:5)
  A kobold brigand (D:8)
  2 bullfrogs (Sewer)
  2 wyvern zombies
  4 scorpions
  2 water moccasin skeletons
  5 killer bees (D:8)
  A howler monkey (D:5)
  4 wights
  A centaur zombie (D:8)
  7 lava snakes (Volcano)
  4 jellies
  A hound (D:5)
  2 orc priests (D:7)
  A bullfrog skeleton (D:7)
  A gnoll shaman (D:7)
  4 iguanas
  4 orc wizards
  A hound skeleton (D:4)
  A howler monkey zombie (D:5)
  7 gnolls
  8 adders
  2 river rats (D:3)
  2 shadow imps
  A white imp (D:7)
  3 ufetubi
  An adder skeleton (D:4)
  An adder zombie (D:5)
  A worm (D:5)
  3 dart slugs
  16 orcs
  4 bats
  16 endoplasms
  7 giant cockroaches
  9 goblins
  3 hobgoblins
  4 jackals
  9 quokkas
  17 ball pythons
  7 frilled lizards (Sewer)
  5 kobolds
  3 rats (D:3)
220 creatures vanquished.

Vanquished Creatures (others)
  A fungus (D:8)
  4 plants
5 creatures vanquished.

Grand Total: 225 creatures vanquished

Notes
Turn   | Place    | Note
-------+----------+-------------------------------------------
     0 | D:1      | fragbeetle the Merfolk Ice Elementalist began the quest for
                  | the Orb.
     0 | D:1      | Reached XP level 1. HP: 13/13 MP: 3/3
   404 | D:1      | Found a faded altar of an unknown god.
   409 | D:1      | Reached XP level 2. HP: 12/20 MP: 5/5
   662 | D:1      | Reached skill level 1 in Polearms
  1178 | D:2      | Reached XP level 3. HP: 22/25 MP: 6/6
  1185 | D:2      | Learned a level 3 spell: Frozen Ramparts
  1361 | D:2      | Reached skill level 1 in Fighting
  1667 | D:2      | Reached skill level 2 in Polearms
  1667 | D:2      | Reached skill level 5 in Ice Magic
  1667 | D:2      | Reached XP level 4. HP: 22/32 MP: 3/7
  1671 | D:2      | Learned a level 3 spell: Ozocubu's Armour
  2085 | D:3      | Found a sparkling altar of Nemelex Xobeh.
  2103 | D:3      | Reached XP level 5. HP: 37/37 MP: 3/8
  2129 | D:3      | Reached skill level 3 in Polearms
  2139 | D:3      | You fall into a shaft and drop 2 floors!
  2139 | D:5      | Entered Level 5 of the Dungeon
  2145 | D:5      | Noticed a phantom
  2150 | D:5      | Noticed a water moccasin
  2152 | D:5      | Noticed an ogre
  2219 | D:5      | Found a staircase to the Ecumenical Temple.
  2225 | Temple   | Entered the Ecumenical Temple
  2232 | Temple   | Became a worshipper of Sif Muna the Loreminder
  2348 | D:3      | Found a glowing drain.
  2355 | Sewer    | Entered a sewer
  3036 | Sewer    | Reached * piety under Sif Muna
  3116 | Sewer    | Reached skill level 4 in Polearms
  3116 | Sewer    | Reached XP level 6. HP: 37/44 MP: 2/9
  4100 | D:3      | Reached skill level 5 in Polearms
  4100 | D:3      | Reached XP level 7. HP: 13/50 MP: 8/10
  4347 | D:4      | Found Pedunlek's Jewellery Boutique.
  4350 | D:4      | Bought a ring of see invisible for 150 gold pieces
  4878 | D:4      | Reached skill level 6 in Polearms
  5078 | D:4      | Reached ** piety under Sif Muna
  5080 | D:4      | Reached skill level 5 in Dodging
  5570 | D:5      | Reached XP level 8. HP: 58/58 MP: 11/11
  6089 | D:5      | Reached skill level 7 in Polearms
  6337 | D:5      | Reached skill level 5 in Stealth
  6439 | D:5      | Reached XP level 9. HP: 54/65 MP: 10/13
  6509 | D:5      | Reached skill level 8 in Polearms
  6644 | D:5      | Noticed Pikel
  6658 | D:5      | Killed Pikel
  6963 | D:5      | Noticed Grinder
  6990 | D:5      | Paralysed by Grinder for 5 turns
  6995 | D:5      | Killed Grinder
  7460 | D:6      | Reached skill level 9 in Polearms
  8174 | D:6      | Reached skill level 5 in Fighting
  8860 | D:7      | Noticed a troll
  8975 | D:7      | Killed a troll
  8976 | D:7      | Reached skill level 5 in Spellcasting
  8976 | D:7      | Reached XP level 10. HP: 66/74 MP: 11/17
  8978 | D:7      | Reached skill level 10 in Polearms
  9228 | D:7      | Reached *** piety under Sif Muna
  9687 | D:7      | Found a snail-covered altar of Cheibriados.
  9711 | D:7      | Found an ancient bone altar of Kikubaaqudgha.
  9851 | D:8      | Found a runed translucent gate.
  9851 | D:8      | Found a runed translucent gate.
  9958 | D:8      | Found a shimmering altar of Xom.
  9958 | D:8      | Found the +7 mace of Variability {chain chaos}
 10221 | D:8      | Found a runed translucent gate.
 10224 | D:8      | Noticed porpoise's ghost (journeyman DjCj)
 10224 | D:8      | Noticed a kobold demonologist
 10538 | D:8      | Reached skill level 11 in Polearms
 10566 | D:8      | Found a staircase to the Lair.
 10795 | Lair:1   | Entered Level 1 of the Lair of Beasts
 10808 | Lair:1   | Noticed a four-headed hydra
 10817 | Lair:1   | Killed a four-headed hydra
 10818 | Lair:1   | Reached skill level 10 in Ice Magic
 10884 | Lair:1   | Noticed a cane toad
 10932 | Lair:1   | Reached XP level 11. HP: 39/81 MP: 16/20
 10943 | Lair:1   | Found a dark tunnel.
 11043 | Volcano  | Entered a volcano
 11590 | Volcano  | Reached skill level 12 in Polearms
 11766 | Volcano  | Noticed a sun demon
 11766 | Volcano  | Reached **** piety under Sif Muna
 11767 | Volcano  | Noticed an orc sorcerer
 11773 | Volcano  | Mangled by a sun demon

Illustrated notes

Levels and vault maps discovered:
D:1:      zelgadis_glass_arrival_small, layout_loops_ring,
          ebering_ecumenical_altar_sacrificial, hangedman_decor_opposing
D:2:      layout_loops_cross, dk_noncrumbling_2
D:3:      layout_basic, nemelex_spade_bored_becter, portal_sewer_entry_e,
          hangedman_glass_teeth, minmay_bisected
D:4:      layout_rooms, serial_shops, nicolae_stop_n_shop_2,
          kennysheep_generic_room_13
D:5:      layout_basic, minmay_temple_entry_ruins, minmay_increasing_density,
          uniq_pikel, uniq_grinder
D:6:      layout_gridville
D:7:      layout_cave_pools, mainiacjoe_overflow_two_lobes
D:8:      layout_basic, lair_entry_dummy, gammafunk_ghost_nasty_kobolds,
          hangedman_abyss_or_decor_lesser_grid,
          minmay_guarded_unrand_variability
Temple:   nicolae_temple_no_exploring_needed
Lair:1:   layout_small_grid, enter_volcano_4
Volcano:  volcano_grotto [vgs_dualism]

Skill      XL: |  1  2  3  4  5  6  7  8  9 10 11 |
---------------+----------------------------------+-----
Polearms       | 1 2 4 5 6 7 9 11 12 | 12.1
Dodging        | 3 4 5 6 7 8 |  8.5
Fighting       | 1 2 3 4 5 6 |  6.4
Ice Magic      | 5 6 7 9 10 | 10.6
Stealth        | 3 4 5 |  5.0
Spellcasting   | 3 5 6 |  6.9

Action                   |  1- 3 |  4- 6 |  7- 9 | 10-12 || total
-------------------------+-------+-------+-------+-------++-------
Melee: War axe           |    45 |   132 |   251 |    75 ||   503
       Punch             |       |     2 |     6 |     1 ||     9
       Tailslap          |       |     1 |       |       ||     1
       Great mace        |       |       |       |    76 ||    76
Throw: Dart              |       |       |    13 |       ||    13
       Boomerang         |       |       |     8 |    20 ||    28
 Cast: Freeze            |     7 |    29 |     1 |       ||    37
       Frozen Ramparts   |     1 |     2 |    20 |    22 ||    45
       Ozocubu's Armour  |       |     3 |    22 |    14 ||    39
  Use: Scroll            |       |     3 |       |       ||     3
       Potion            |       |     2 |       |       ||     2
 Stab: Sleeping          |    10 |    11 |    11 |       ||    32
       Distracted        |       |     1 |     1 |       ||     2
       Paralysed         |       |       |       |     2 ||     2
Armor: Robe              |     8 |    33 |    91 |    52 ||   184
Dodge: Dodged            |    37 |   170 |   241 |   216 ||   664

Table legend: (Time is in decaauts)
 A = Elapsed time spent in this place.
 B = Non-inter-level travel time spent in this place.
 C = Inter-level travel time spent in this place.
 D = Time resting spent in this place.
 E = Time spent auto-exploring this place.
 F = Levels seen in this place.
 G = Mean time per level.
                   A        B        C        D        E       F      G
               +--------+--------+--------+--------+--------+-----+--------+
         Total |  11972 |  11656 |    316 |    627 |   8203 |  12 |  997.7 |
       Dungeon |  10137 |   9821 |    316 |    129 |   7505 |   8 | 1267.1 |
        Temple |     14 |     14 |      0 |      0 |      0 |   1 |   14.0 |
          Lair |    259 |    259 |      0 |     92 |      0 |   1 |  259.0 |
         Sewer |    807 |    807 |      0 |      0 |    581 |   1 |  807.0 |
       Volcano |    753 |    753 |      0 |    406 |    116 |   1 |  753.0 |
               +--------+--------+--------+--------+--------+-----+--------+

Top non-repeatable levels by time:
     D:5: 1951 daAuts
     D:6: 1496 daAuts
     D:3: 1451 daAuts
     D:4: 1229 daAuts
     D:1: 1097 daAuts
     D:7: 1069 daAuts
     D:8: 972 daAuts
     D:2: 869 daAuts
   Sewer: 807 daAuts
 Volcano: 753 daAuts
  Lair:1: 259 daAuts
  Temple: 14 daAuts
